 Dungeon Crawl Stone Soup version 0.30-a0-381-g6ea064c7b4 (webtiles) character file.

Game seed: 5152306979244020708

86 Hubris850 the Firebug (level 4, 0/33 HPs)
             Began as a Hill Orc Fire Elementalist on Nov 29, 2022.
             Slain by Jessica
             ... wielding a +0 club
              (3 damage)
             ... on level 3 of the Dungeon on Dec 1, 2022.
             The game lasted 00:08:58 (2644 turns).

Hubris850 the Firebug (Hill Orc Fire Elementalist)  Turns: 2644, Time: 00:08:58

Health: 0/33       AC:  2    Str: 12    XL:     4   Next: 50%
Magic:  7/7        EV: 12    Int: 15    God:
Gold:   121        SH:  0    Dex: 11    Spells: 4/7 levels left

rFire   . . .      SeeInvis .    d - +0 dagger
rCold   . . .      Faith    .    (no shield)
rNeg    . . .      Spirit   .    a - +0 robe
rPois   .          Reflect  .    (no helmet)
rElec   .          Harm     .    (no cloak)
rCorr   .          Rampage  .    (no gloves)
Will    .....                    (no boots)
Stlth   ++........               (no amulet)
HPRegen 0.25/turn                (no ring)
MPRegen 0.10/turn                (no ring)

@: no status effects
A: no striking features
a: no special abilities


You were on level 3 of the Dungeon.
You visited 1 branch of the dungeon, and saw 3 of its levels.

You collected 121 gold pieces.

Inventory:

Hand Weapons
 d - a +0 dagger (weapon)
Armour
 a - a +0 robe (worn)
Jewellery
 j - an amulet of guardian spirit
Scrolls
 c - 7 scrolls of identify {unknown}
 e - a scroll of teleportation {unknown}
 i - 2 scrolls of blinking {unknown}
 l - a scroll of fear {unknown}
 n - a scroll of amnesia {unknown}
 o - a scroll of immolation {unknown}
Potions
 b - a potion of magic
 f - 5 potions of curing {unknown}
 g - a potion of might {unknown}
 h - 2 potions of attraction {unknown}
 k - a potion of mutation {unknown}
 m - 2 potions of invisibility {unknown}


   Skills:
 + Level 2.1 Dodging
 + Level 2.3 Stealth
 + Level 2.1 Spellcasting
 + Level 2.0 Conjurations
 + Level 3.8 Fire Magic


You had 4 spell levels left.
You knew the following spells:

 Your Spells              Type           Power      Damage    Failure   Level
a - Foxfire               Conj/Fire      40%        2x1d6     7%          1
b - Scorch                Fire           26%        2d6       7%          2

Your spell library contained the following spells:

 Spells                   Type           Power      Damage    Failure   Level
 Kiss of Death            Conj/Necr      16%        2d6       14%         1
 Inner Flame              Hex/Fire       7%         N/A       30%         3
 Blink                    Tloc           2%         N/A       32%         2
 Kindle Blastsparks       Fire/Tloc/Air  10%        2d10      36%         3
 Confusing Touch          Hex            1%         N/A       54%         3
 Gell's Gravitas          Tloc           1%         N/A       54%         3
 Lesser Beckoning         Tloc           2%         N/A       54%         3
 Teleport Other           Tloc           1%         N/A       54%         3
 Flame Wave               Conj/Fire      10%        2d6       54%         4
 Dispel Undead            Necr           1%         3d6       91%         4
 Manifold Assault         Tloc           1%         N/A       91%         4
 Storm Form               Tmut/Air       0%         N/A       100%        7


Dungeon Overview and Level Annotations

Branches:
Dungeon (3/15)

Altars:
Okawaru

Annotations:
D:3 Jessica


Message History

Jessica hits you with a +0 club. x2
You hit Jessica.
Jessica is moderately wounded.
Jessica barely misses you.
You barely miss Jessica.
Jessica is moderately wounded.
Jessica hits you with a +0 club!
Jessica looks very angry.
Jessica barely misses you.
You hit Jessica but do no damage.
Jessica is moderately wounded.
Jessica hits you with a +0 club.
You hit Jessica.
Jessica is heavily wounded.
Jessica hits you with a +0 club. Jessica casts a spell at you.
Pain shoots through your body!
* * * LOW HITPOINT WARNING * * *
You hit Jessica.
Jessica is severely wounded.
A bat comes into view.
Jessica barely misses you.
You hit Jessica.
Jessica is almost dead.
Jessica gestures wildly while chanting.
Jessica blinks!
You miss the bat.
The bat is moderately wounded.
The bat hits you but does no damage. The bat barely misses you.
You closely miss the bat.
The bat is moderately wounded.
The bat misses you.
You hit the bat.
You kill the bat!
The bat hits you but does no damage. Jessica hits you with a +0 club.
* * * LOW HITPOINT WARNING * * *
You closely miss Jessica.
Jessica is almost dead.
Jessica hits you with a +0 club.
You die...

#### .♣.♣
♣.♣.♣.♣.♣# ##
...⌠...⌠...⌠...#
.##
#♣.♣.♣.♣.♣.♣.♣.♣#
..#
#.⌠...⌠...⌠...⌠.#
..#
♣.♣.♣.♣)♣.♣.♣.♣#
..# ..⌠...⌠...⌠...#
## ..#
♣.♣.♣[♣.♣.♣.♣.♣...#
..#
.⌠...⌠...⌠..@⌠....#
....
..♣.♣.♣.♣.♣@♣.....
..###
##..####b.....# ..#
####.## ......# ..#
###....# ......#
#...#### ......#
##.### . #######
#..###.... ##
#>.....#
..###.#####..#


You could see Jessica (fast) and a bat.

Vanquished Creatures
  2 adders (D:2)
  5 worms
  4 dart slugs
  4 ball pythons
  6 endoplasms
  2 giant cockroaches
  4 goblins
  4 hobgoblins
  3 jackals (D:2)
  A quokka (D:2)
  3 bats
  3 frilled lizards
  3 rats (D:2)
44 creatures vanquished.

Vanquished Creatures (others)
  109 foxfires
  3 fungi (D:3)
112 creatures vanquished.

Grand Total: 156 creatures vanquished

Notes
Turn   | Place    | Note
-------+----------+-------------------------------------------
     0 | D:1      | Hubris850 the Hill Orc Fire Elementalist began the quest
                  | for the Orb.
     0 | D:1      | Reached XP level 1. HP: 14/14 MP: 3/3
     3 | D:1      | Noticed a minotaur skeleton
    19 | D:1      | Noticed a minotaur skeleton
   168 | D:1      | Reached XP level 2. HP: 20/20 MP: 0/4
   388 | D:1      | Learned a level 2 spell: Scorch
  1118 | D:2      | Reached XP level 3. HP: 12/26 MP: 0/5
  1575 | D:2      | Upgraded the game from 0.30-a0-377-g5cb311bc9f to
                  | 0.30-a0-381-g6ea064c7b4
  1791 | D:2      | Reached XP level 4. HP: 25/33 MP: 7/7
  2077 | D:2      | Found a faded altar of an unknown god.
  2172 | D:3      | Found an iron altar of Okawaru.
  2629 | D:3      | Noticed Jessica
  2644 | D:3      | Slain by Jessica

Illustrated notes

Levels and vault maps discovered:
D:1:      shiori_arrival_whats_in_store_for_you, layout_basic,
          chequers_serial_rivers_room_b
D:2:      layout_rooms, dreamdust_ecumenical_altar_angels_and_demons
D:3:      layout_rooms, nicolae_overflow_crystal_walls,
          mainiacjoe_overflow_boulevard, kennysheep_crisscross,
          kennysheep_generic_room_5, uniq_jessica, uniq_crazy_yiuf_cottage

Skill      XL: |  1  2  3  4 |
---------------+-------------+-----
Stealth        | 2 |  2.3
Dodging        | 2 |  2.1
Spellcasting   | 2 |  2.1
Conjurations   | 2 |  2.0
Fire Magic     | |  3.8

Action                   |  1- 3 |  4- 6 || total
-------------------------+-------+-------++-------
Melee: Unarmed           |     5 |       ||     5
       Dagger            |   141 |    54 ||   195
 Cast: Foxfire           |    30 |    29 ||    59
 Stab: Sleeping          |     3 |     1 ||     4
Armor: Robe              |    36 |     6 ||    42
Dodge: Dodged            |    86 |    21 ||   107

Table legend: (Time is in decaauts)
 A = Elapsed time spent in this place.
 B = Non-inter-level travel time spent in this place.
 C = Inter-level travel time spent in this place.
 D = Time resting spent in this place.
 E = Time spent auto-exploring this place.
 F = Levels seen in this place.
 G = Mean time per level.
                   A        B        C        D        E       F      G
               +--------+--------+--------+--------+--------+-----+--------+
         Total |   2642 |   2600 |     42 |    568 |   1504 |   3 |  880.7 |
       Dungeon |   2642 |   2600 |     42 |    568 |   1504 |   3 |  880.7 |
               +--------+--------+--------+--------+--------+-----+--------+

Top non-repeatable levels by time:
     D:1: 1095 daAuts
     D:2: 1075 daAuts
     D:3: 471 daAuts
